SNL (28 & UNDER)
GAINESVILLE GUIDOS @ BEAUMONT ROUGHNECKS
07/01/2026
 
TOP OF THE 1ST
Gainesville Guidos batting - Pitching for New Hampshire Fisher Cats : RHP Jim Fitzgerald
Pitching: RHP Jim Fitzgerald
Batting: RHB Iván Moreno 0-0: Ball
1-0: Ball
2-0: Ball
3-0: Called Strike
3-1: Foul Ball, location: 2F
3-2: Foul Ball, location: 2F
3-2: Foul Ball, location: 2F
3-2: Base on Balls
Batting: LHB Eddy Jefferson 0-0: Ball
Iván Moreno steals 2nd base
1-0: Foul Ball, location: 2F
1-1: Foul Ball, location: 2F
1-2: Ground out 4-3 (Groundball, 34)
Iván Moreno to third
Batting: LHB Mark Owens 0-0: Called Strike
0-1: Foul Ball, location: 2F
0-2: Fly out, F4 (Popup, 3)
Batting: LHB António Cedeño 0-0: SINGLE (Groundball, 6MD)
Iván Moreno scores
Batting: RHB Kurt Walter 0-0: Swinging Strike
0-1: Foul Ball, location: 2F
0-2: Foul Ball, location: 2F
0-2: Ball
1-2: Ground out 5-3 (Groundball, 5)
Top of the 1st over - 1 run(s), 1 hit(s), 0 error(s), 1 left on base; Gainesville 1 - New Hampshire 0
BOTTOM OF THE 1ST
New Hampshire Fisher Cats batting - Pitching for Gainesville Guidos : RHP Jimmy Bradley
Pitching: RHP Jimmy Bradley
Batting: RHB Franklin Lawrence 0-0: Ball
1-0: Foul Ball, location: 2F
1-1: Ball
2-1: Ball
3-1: Base on Balls
Batting: RHB Michael Kent 0-0: Ball
Franklin Lawrence steals 2nd base
1-0: Ball
2-0: SINGLE (Line Drive, 34)
Franklin Lawrence to third
Runner from 3rd tries for Home, SAFE, no throw or cutoff
Batting: RHB Anthony Hezell 0-0: Ball
1-0: Foul Ball, location: 2F
1-1: Grounds into double play, U4-3 (Groundball, 4)
Batting: LHB Cam Flowers 0-0: Foul Ball, location: 2F
0-1: Swinging Strike
0-2: Ball
1-2: Ball
2-2: SINGLE (Groundball, 4M)
Batting: RHB Felipe Rivas 0-0: Called Strike
0-1: SINGLE (Groundball, 34)
Cam Flowers to second
Runner from 2nd tries for 3rd, SAFE, throw made to third
Batting: RHB Darwin Crane 0-0: Called Strike
0-1: Foul Ball, location: 2F
0-2: Foul Ball, location: 2F
0-2: Foul Ball, location: 2F
0-2: Ground out 6-3 (Groundball, 6)
Bottom of the 1st over - 1 run(s), 3 hit(s), 0 error(s), 2 left on base; Gainesville 1 - New Hampshire 1
TOP OF THE 2ND
Gainesville Guidos batting - Pitching for New Hampshire Fisher Cats : RHP Jim Fitzgerald
Batting: RHB José Ortega 0-0: Ball
1-0: Called Strike
1-1: Called Strike
1-2: Ground out 1-3 (Groundball, 13)
Batting: RHB John Little 0-0: Ground out 4-3 (Groundball, 4MS)
Batting: RHB Kyle O'Day 0-0: Foul Ball, location: 2F
0-1: Called Strike
0-2: Ball
1-2: Ball
2-2: Ball
3-2: SINGLE (Groundball, 56) (infield hit)
Batting: RHB Júlio Galló 0-0: Called Strike
Kyle O'Day steals 2nd base
0-1: Ball
1-1: Ball
2-1: Called Strike
2-2: Strikes out looking
Top of the 2nd over - 0 run(s), 1 hit(s), 0 error(s), 1 left on base; Gainesville 1 - New Hampshire 1
BOTTOM OF THE 2ND
New Hampshire Fisher Cats batting - Pitching for Gainesville Guidos : RHP Jimmy Bradley
Batting: RHB Miguel Costa 0-0: Foul Ball, location: 2F
0-1: Ball
1-1: Swinging Strike
1-2: Strikes out swinging
Batting: LHB Tony Rivera 0-0: Ground out 6-3 (Groundball, 6)
Batting: SHB Keith Gratton 0-0: Fly out, F9 (Line Drive, 9D)
Bottom of the 2nd over - 0 run(s), 0 hit(s), 0 error(s), 0 left on base; Gainesville 1 - New Hampshire 1
TOP OF THE 3RD
Gainesville Guidos batting - Pitching for New Hampshire Fisher Cats : RHP Jim Fitzgerald
Batting: RHB Iván Moreno 0-0: Fly out, F7 (Flyball, 7LS)
Batting: LHB Eddy Jefferson 0-0: Called Strike
0-1: Ball
1-1: Foul Ball, location: 2F
1-2: Ground out U3 (Groundball, 3)
Batting: LHB Mark Owens 0-0: Foul Ball, location: 2F
0-1: Fly out, F4 (Line Drive, 4)
Top of the 3rd over - 0 run(s), 0 hit(s), 0 error(s), 0 left on base; Gainesville 1 - New Hampshire 1
BOTTOM OF THE 3RD
New Hampshire Fisher Cats batting - Pitching for Gainesville Guidos : RHP Jimmy Bradley
Batting: RHB Franklin Lawrence 0-0: Called Strike
0-1: Fly out, F8 (Flyball, 8RS)
Batting: RHB Michael Kent 0-0: Foul Ball, location: 2F
0-1: Ball
1-1: Ball
2-1: Ball
3-1: Base on Balls
Batting: RHB Anthony Hezell 0-0: Ball
1-0: Swinging Strike
1-1: Ground out 3-1 (Groundball, 34)
Michael Kent to second
Batting: LHB Cam Flowers 0-0: Called Strike
0-1: Ball
1-1: SINGLE (Groundball, 4M)
Michael Kent to third
Runner from 3rd tries for Home, SAFE, no throw or cutoff
Batting: RHB Felipe Rivas 0-0: Ball
1-0: Ball
Single, Error in OF, E7, batter to second base
Cam Flowers to third
Batting: RHB Darwin Crane 0-0: Called Strike
0-1: Ground out 1-3 (Groundball, 25)
Bottom of the 3rd over - 1 run(s), 2 hit(s), 1 error(s), 2 left on base; Gainesville 1 - New Hampshire 2
TOP OF THE 4TH
Gainesville Guidos batting - Pitching for New Hampshire Fisher Cats : RHP Jim Fitzgerald
Batting: LHB António Cedeño 0-0: Ball
1-0: Swinging Strike
1-1: Ball
2-1: Foul Ball, location: 2F
2-2: Foul Ball, location: 2F
2-2: Strikes out looking
Batting: RHB Kurt Walter 0-0: Fly out, F9 (Flyball, 89M)
Batting: RHB José Ortega 0-0: Fly out, F5 (Line Drive, 5)
Top of the 4th over - 0 run(s), 0 hit(s), 0 error(s), 0 left on base; Gainesville 1 - New Hampshire 2
BOTTOM OF THE 4TH
New Hampshire Fisher Cats batting - Pitching for Gainesville Guidos : RHP Jimmy Bradley
Batting: RHB Miguel Costa 0-0: Ball
1-0: Called Strike
1-1: Ball
2-1: Ball
3-1: Called Strike
3-2: Base on Balls
Batting: LHB Tony Rivera 0-0: Called Strike
0-1: Ball
1-1: Foul Ball, location: 2F
1-2: Foul Ball, location: 2F
1-2: Ground out 4-3 (Groundball, 4M)
Miguel Costa to second
Batting: SHB Keith Gratton 0-0: Ground out 6-3 (Groundball, 6)
Miguel Costa to third
Batting: RHB Franklin Lawrence 0-0: Called Strike
0-1: Ball
1-1: Swinging Strike
1-2: Ball
2-2: Strikes out swinging
Bottom of the 4th over - 0 run(s), 0 hit(s), 0 error(s), 1 left on base; Gainesville 1 - New Hampshire 2
TOP OF THE 5TH
Gainesville Guidos batting - Pitching for New Hampshire Fisher Cats : RHP Jim Fitzgerald
Batting: RHB John Little 0-0: SINGLE (Groundball, 3D)
Batting: RHB Kyle O'Day 0-0: Ball
1-0: Ground out U3 (Groundball, 3S)
John Little to second
Batting: RHB Júlio Galló 0-0: Called Strike
0-1: Foul Ball, location: 2F
0-2: Ball
1-2: Ball
2-2: Foul Ball, location: 2F
2-2: Ball
3-2: Ground out 6-3 (Groundball, 6M)
John Little to third
Batting: RHB Iván Moreno 0-0: Ball
1-0: Swinging Strike
1-1: Ground out 4-3 (Groundball, 4)
Top of the 5th over - 0 run(s), 1 hit(s), 0 error(s), 1 left on base; Gainesville 1 - New Hampshire 2
BOTTOM OF THE 5TH
New Hampshire Fisher Cats batting - Pitching for Gainesville Guidos : RHP Jimmy Bradley
Batting: RHB Michael Kent 0-0: SINGLE (Groundball, 15S) (infield hit)
Batting: RHB Anthony Hezell 0-0: Ball
1-0: Called Strike
1-1: Ball
2-1: Called Strike
2-2: Strikes out swinging
Batting: LHB Cam Flowers 0-0: Called Strike
0-1: Fly out, F4 (Popup, 4D)
Batting: RHB Felipe Rivas 0-0: Foul Ball, location: 2F
0-1: Fly out, F9 (Line Drive, 9D)
Bottom of the 5th over - 0 run(s), 1 hit(s), 0 error(s), 1 left on base; Gainesville 1 - New Hampshire 2
TOP OF THE 6TH
Gainesville Guidos batting - Pitching for New Hampshire Fisher Cats : RHP Jim Fitzgerald
Batting: LHB Eddy Jefferson 0-0: Ball
1-0: SINGLE (Line Drive, 9LS)
Batting: LHB Mark Owens 0-0: Ball
1-0: Ball
2-0: Foul Ball, location: 2F
2-1: Ball
3-1: Base on Balls
Eddy Jefferson to second
Batting: LHB António Cedeño 0-0: Grounds into double play, 3-6-1 (Groundball, 3)
Eddy Jefferson to third
Batting: RHB Kurt Walter 0-0: SINGLE (Line Drive, 78S)
Eddy Jefferson scores
Batting: RHB José Ortega 0-0: Ball
1-0: Ball
2-0: Called Strike
2-1: SINGLE (Line Drive, 8RS)
Kurt Walter to second
Batting: RHB John Little 0-0: Ball
1-0: Called Strike
1-1: Foul Ball, location: 2F
1-2: Ball
2-2: Foul Ball, location: 2F
2-2: Strikes out swinging
Top of the 6th over - 1 run(s), 3 hit(s), 0 error(s), 2 left on base; Gainesville 2 - New Hampshire 2
BOTTOM OF THE 6TH
New Hampshire Fisher Cats batting - Pitching for Gainesville Guidos : RHP Jimmy Bradley
Batting: RHB Darwin Crane 0-0: Ball
1-0: DOUBLE (Line Drive, 7LM)
Pitching: RHP Matt Johnston
Batting: RHB Miguel Costa 0-0: Ball
1-0: SINGLE (Groundball, 6M)
Darwin Crane to third
Runner from 3rd tries for Home, throw and OUT!
Miguel Costa to second
Batting: LHB Tony Rivera 0-0: Intentional Walk
Batting: SHB Keith Gratton 0-0: Ball
1-0: Called Strike
Miguel Costa steals 3rd base
Tony Rivera to second
1-1: Ball
2-1: Called Strike
2-2: Strikes out swinging
Batting: RHB Franklin Lawrence 0-0: Ball
1-0: Ball
2-0: Called Strike
2-1: Fly out, F9 (Line Drive, 9S)
Bottom of the 6th over - 0 run(s), 2 hit(s), 0 error(s), 2 left on base; Gainesville 2 - New Hampshire 2
TOP OF THE 7TH
Gainesville Guidos batting - Pitching for New Hampshire Fisher Cats : RHP Jim Fitzgerald
Batting: RHB Kyle O'Day 0-0: Called Strike
0-1: Ball
1-1: SINGLE (Groundball, 56D)
Pinch Hitting: LHB Ed Murray 0-0: Called Strike
0-1: Bunted foul
0-2: Ball
1-2: Ground out U3 (Groundball, 3S)
Kyle O'Day to second
Pinch Hitting: RHB Alfredo Díaz 0-0: SINGLE (Line Drive, 6MD)
Kyle O'Day to third
Batting: LHB Eddy Jefferson 0-0: Called Strike
0-1: Ball
1-1: Foul Ball, location: 2F
1-2: Strikes out swinging
Pitching: LHP David Richardson
Batting: LHB Mark Owens 0-0: Ball
1-0: Foul Ball, location: 2F
1-1: Ball
2-1: Ball
3-1: Base on Balls
Alfredo Díaz to second
Batting: LHB António Cedeño 0-0: Called Strike
0-1: Ball
1-1: Foul Ball, location: 2F
1-2: Ball
2-2: Foul Ball, location: 2F
2-2: Strikes out swinging
Top of the 7th over - 0 run(s), 2 hit(s), 0 error(s), 3 left on base; Gainesville 2 - New Hampshire 2
BOTTOM OF THE 7TH
New Hampshire Fisher Cats batting - Pitching for Gainesville Guidos : RHP Matt Johnston
Now at 3B: Juan Reyes
Now at SS: Will Evans
Batting: RHB Michael Kent 0-0: Foul Ball, location: 2F
0-1: Ball
1-1: Foul Ball, location: 2F
1-2: Strikes out swinging
Batting: RHB Anthony Hezell 0-0: Ball
1-0: Ball
2-0: Ball
3-0: Base on Balls
Batting: LHB Cam Flowers 0-0: Ball
1-0: Ball
2-0: Called Strike
2-1: Foul Ball, location: 2F
2-2: 2-RUN HOME RUN (Flyball, 9D), Distance : 409 ft
Batting: RHB Felipe Rivas 0-0: Ground out 4-3 (Groundball, 4M)
Batting: RHB Darwin Crane 0-0: Ball
1-0: Ball
2-0: Swinging Strike
2-1: Foul Ball, location: 2F
2-2: Strikes out looking
Bottom of the 7th over - 2 run(s), 1 hit(s), 0 error(s), 0 left on base; Gainesville 2 - New Hampshire 4
TOP OF THE 8TH
Gainesville Guidos batting - Pitching for New Hampshire Fisher Cats : LHP David Richardson
Batting: RHB Kurt Walter 0-0: Foul Ball, location: 2F
0-1: Foul Ball, location: 2F
0-2: Ball
1-2: Foul Ball, location: 2F
1-2: SINGLE (Groundball, 56D)
Pitching: RHP Jesús Ortíz
Batting: RHB José Ortega 0-0: Called Strike
0-1: DOUBLE (Line Drive, 9LM)
Kurt Walter to third
Runner from 3rd tries for Home, SAFE, throw made home
Batting: RHB John Little 0-0: Ground out 6-3 (Groundball, 6M)
José Ortega to third
Batting: RHB Kyle O'Day 0-0: Fly out, F6 (Popup, 6MD)
Batting: RHB Juan Reyes 0-0: Called Strike
0-1: Foul Ball, location: 2F
0-2: Foul Ball, location: 2F
0-2: Ball
1-2: Strikes out looking
Top of the 8th over - 1 run(s), 2 hit(s), 0 error(s), 1 left on base; Gainesville 3 - New Hampshire 4
BOTTOM OF THE 8TH
New Hampshire Fisher Cats batting - Pitching for Gainesville Guidos : RHP Matt Johnston
Pitching: RHP Marlon Ryan
Batting: RHB Miguel Costa 0-0: Called Strike
0-1: Swinging Strike
0-2: Foul Ball, location: 2F
0-2: Ball
1-2: Ball
2-2: Ball
3-2: Foul Ball, location: 2F
3-2: Strikes out looking
Batting: LHB Tony Rivera 0-0: Called Strike
0-1: Ball
1-1: Foul Ball, location: 2F
1-2: Strikes out swinging
Batting: SHB Keith Gratton 0-0: Called Strike
0-1: Swinging Strike
0-2: Ball
1-2: Strikes out swinging
Bottom of the 8th over - 0 run(s), 0 hit(s), 0 error(s), 0 left on base; Gainesville 3 - New Hampshire 4
TOP OF THE 9TH
Gainesville Guidos batting - Pitching for New Hampshire Fisher Cats : RHP Jesús Ortíz
Pitching: RHP Dave Hammond
Now at C: Tim Robertson
Batting: SHB Will Evans 0-0: Ball
1-0: Called Strike
1-1: Ball
2-1: SINGLE (Groundball, 6MD)
Batting: LHB Eddy Jefferson 0-0: Sac Bunt - play at first, batter OUT! 3-4
Will Evans to second
Batting: LHB Mark Owens 0-0: Ball
1-0: Called Strike
1-1: Ball
2-1: Foul Ball, location: 2F
2-2: Foul Ball, location: 2F
2-2: Foul Ball, location: 2F
2-2: Ball
3-2: DOUBLE (Line Drive, 9LM)
Will Evans scores
Batting: LHB António Cedeño 0-0: Ball
1-0: Ball
2-0: Ball
3-0: Base on Balls
Pinch Runner at 2nd Mark McDonald:
Batting: RHB Kurt Walter 0-0: Called Strike
Mark McDonald steals 3rd base
António Cedeño to second
0-1: Ball
1-1: Foul Ball, location: 2F
1-2: Foul Ball, location: 2F
1-2: Strikes out swinging
Batting: RHB José Ortega 0-0: Ball
1-0: Ball
2-0: Ball
3-0: Base on Balls
Batting: RHB John Little 0-0: Ball
1-0: Called Strike
1-1: Swinging Strike
1-2: Ball
2-2: Ball
3-2: Ground out 6-3 (Groundball, 6)
Top of the 9th over - 1 run(s), 2 hit(s), 0 error(s), 3 left on base; Gainesville 4 - New Hampshire 4
BOTTOM OF THE 9TH
New Hampshire Fisher Cats batting - Pitching for Gainesville Guidos : RHP Marlon Ryan
Pitching: LHP Mike Scott
Batting: RHB Franklin Lawrence 0-0: Foul Ball, location: 2F
0-1: SINGLE (Groundball, 34D)
Batting: RHB Michael Kent 0-0: Ball
1-0: Bunted foul
1-1: Bunted foul
1-2: Fly out, F9 (Flyball, 89M)
Batting: RHB Anthony Hezell 0-0: Ball
1-0: Ball
2-0: Grounds into double play, U4-3 (Groundball, 4)
Bottom of the 9th over - 0 run(s), 1 hit(s), 0 error(s), 0 left on base; Gainesville 4 - New Hampshire 4
TOP OF THE 10TH
Gainesville Guidos batting - Pitching for New Hampshire Fisher Cats : RHP Dave Hammond
Batting: RHB Kyle O'Day 0-0: Called Strike
0-1: Swinging Strike
0-2: Foul Ball, location: 2F
0-2: Ball
1-2: Strikes out looking
Batting: RHB Juan Reyes 0-0: SINGLE (Line Drive, 9LM)
Batting: SHB Will Evans 0-0: Ball
1-0: Ball
2-0: Foul Ball, location: 2F
2-1: Swinging Strike
2-2: Strikes out swinging
Batting: LHB Eddy Jefferson 0-0: Fly out, F5 (Popup, 5F)
Top of the 10th over - 0 run(s), 1 hit(s), 0 error(s), 1 left on base; Gainesville 4 - New Hampshire 4
BOTTOM OF THE 10TH
New Hampshire Fisher Cats batting - Pitching for Gainesville Guidos : LHP Mike Scott
Batting: LHB Cam Flowers 0-0: SINGLE (Groundball, 34)
Batting: RHB Felipe Rivas 0-0: Foul Ball, location: 2F
0-1: Ball
1-1: Grounds into double play, 4-6-3 (Groundball, 4M)
Batting: RHB Darwin Crane 0-0: Ball
1-0: Foul Ball, location: 2F
1-1: Foul Ball, location: 2F
1-2: Foul Ball, location: 2F
1-2: SINGLE (Groundball, 34D) (infield hit)
Batting: RHB Miguel Costa 0-0: Ball
1-0: Swinging Strike
1-1: Called Strike
1-2: Ball
2-2: Strikes out looking
Bottom of the 10th over - 0 run(s), 2 hit(s), 0 error(s), 1 left on base; Gainesville 4 - New Hampshire 4
TOP OF THE 11TH
Gainesville Guidos batting - Pitching for New Hampshire Fisher Cats : RHP Dave Hammond
Batting: RHB Mark McDonald 0-0: Called Strike
0-1: Ball
1-1: SINGLE (Groundball, 56D)
Batting: LHB António Cedeño 0-0: Ball
1-0: Foul Ball, location: 2F
1-1: Swinging Strike
1-2: Ball
2-2: Ball
3-2: TRIPLE (Line Drive, 8RD)
Mark McDonald scores
Pitching: RHP Troy Bannon
Batting: RHB Kurt Walter 0-0: Foul Ball, location: 2F
0-1: Ground out 5-3 (Groundball, 5)
Batting: RHB José Ortega 0-0: Called Strike
0-1: Ball
1-1: Swinging Strike
1-2: Ball
2-2: DOUBLE (Line Drive, 78M)
António Cedeño scores
Batting: RHB John Little 0-0: Ball
1-0: Called Strike
1-1: DOUBLE (Line Drive, 78M)
José Ortega scores
Batting: RHB Kyle O'Day 0-0: Swinging Strike
0-1: Foul Ball, location: 2F
0-2: Strikes out swinging
Batting: RHB Juan Reyes 0-0: Ball
1-0: Foul Ball, location: 2F
1-1: Called Strike
1-2: Ball
2-2: Ball
3-2: Foul Ball, location: 2F
3-2: Foul Ball, location: 2F
3-2: Foul Ball, location: 2F
3-2: Strikes out swinging
Top of the 11th over - 3 run(s), 4 hit(s), 0 error(s), 1 left on base; Gainesville 7 - New Hampshire 4
BOTTOM OF THE 11TH
New Hampshire Fisher Cats batting - Pitching for Gainesville Guidos : LHP Mike Scott
Pitching: RHP Josh Higgins
Batting: LHB Tony Rivera 0-0: Ball
1-0: Foul Ball, location: 2F
1-1: Foul Ball, location: 2F
1-2: Foul Ball, location: 2F
1-2: Ball
2-2: Ground out 4-3 (Groundball, 4)
Batting: RHB Tim Robertson 0-0: Ball
1-0: Ball
2-0: Called Strike
2-1: Called Strike
2-2: DOUBLE (Groundball, 5L)
Batting: RHB Franklin Lawrence 0-0: Foul Ball, location: 2F
0-1: Called Strike
0-2: Ball
1-2: Ball
2-2: Ground out 5-3 (Groundball, 5)
Batting: RHB Michael Kent 0-0: Ball
1-0: Called Strike
1-1: Swinging Strike
1-2: Strikes out swinging
Bottom of the 11th over - 0 run(s), 1 hit(s), 0 error(s), 1 left on base; Gainesville 7 - New Hampshire 4
Monday, December 5th, 2016 - OOTP Baseball 17.12 Build 75